 Dungeon Sprint DCSS version 0.20-a0-633-gff4aa5c (webtiles) character file.

204 LORDOFBUTT the Blocker (level 5, -3/33 HPs)
             Began as a Gargoyle Fighter on Feb 12, 2017.
             Was an Initiate of Gozag.
             Slain by a troll (10 damage)
             ... in the Dungeon (Sprint IX: "|||||||||||||||||||||||||||||").
             The game lasted 00:01:24 (223 turns).

LORDOFBUTT the Blocker (Gargoyle Fighter)            Turns: 223, Time: 00:01:25

Health: -3/33      AC: 16    Str: 20    XL:     5   Next: 82%
Magic:  5/5        EV: 10    Int:  9    God:    Gozag
Gold:   0          SH:  0    Dex: 12    Spells: 4/4 levels left

rFire    . . .     SeeInvis .   u - +2 dire flail (crush)
rCold    . . .     Gourm    .   r - +2 ring mail
rNeg     + . .     Faith    .   (shield currently unavailable)
rPois    ∞         Spirit   .   (no helmet)
rElec    +         Reflect  .   t - +0 cloak
rCorr    .         Harm     .   (no gloves)
MR       .....     NoTele   +   s - +0 pair of boots
Stlth    +.........             (no amulet)
Regen    0.2/turn               p - +3 ring of dexterity
                                q - +2 ring of protection

@: gold aura
A: negative energy resistance 1, electricity resistance, unbreathing,
petrification resistance, rot immunity, AC +4
a: Potion Petition, Call Merchant, Bribe Branch, Renounce Religion


You were in the Dungeon.
You worshipped Gozag.
Gozag was noncommittal.
You were not hungry.

You visited 1 branch

Inventory:

Hand Weapons
 a - a +0 flail
 u - a +2 dire flail of crushing (weapon)
Armour
 b - a +0 scale mail
 c - a +0 shield
 r - a +2 ring mail (worn)
 s - a +0 pair of boots (worn)
 t - a +0 cloak (worn)
Jewellery
 p - a +3 ring of dexterity (right hand)
 q - a +2 ring of protection (left hand)
Wands
 o - a wand of acid (7/15)
Scrolls
 k - 2 scrolls of blinking
 m - 3 scrolls of remove curse
 n - 2 scrolls of amnesia
Potions
 d - a potion of might
 e - 5 potions of curing
 g - a potion of invisibility
 h - a potion of haste
 i - 4 potions of magic
 j - a potion of berserk rage
 l - a potion of heal wounds
Comestibles
 f - a bread ration


   Skills:
 - Level 3.8 Fighting
 + Level 6.7 Maces & Flails
 - Level 3.8 Armour
 - Level 0.1 Dodging
 * Level 10.5 Shields


You had 4 spell levels left.
You didn't know any spells.

Dungeon Overview and Level Annotations

Branches:
Dungeon (1/1)

Altars:
Cheibriados
Dithmenos
Elyvilon
Fedhas
Gozag
Hepliaklqana
Kikubaaqudgha
Makhleb
Nemelex Xobeh
Okawaru
Qazlal
Ru
Sif Muna
Trog
Uskayaw
Vehumet
Xom
Yredelemnul
Zin
The Shining One
Beogh
Jiyva
Lugonu


Innate Abilities, Weirdness & Mutations

You are resistant to torment.
Your stone body is resilient. (AC +4)
You are immune to poison.
You resist negative energy. (rN+)
You are resistant to electric shocks. (rElec)
You can survive without breathing.
You are immune to petrification.
You are immune to rotting.


Message History

You sock the troll!
The troll is severely wounded.
The orc warrior hits you but does no damage.
The troll bites you. The troll claws you!
* * * LOW HITPOINT WARNING * * *
The troll claws you but does no damage.
You are too injured to fight recklessly!
You are too injured to fight recklessly!
You feel much better.
The orc warrior hits you but does no damage.
The troll bites you! The troll barely misses you. The troll claws you.
The crimson imp blinks!
You are too injured to fight recklessly!
You hit the troll but do no damage.
The troll is severely wounded.
The orc warrior hits you from afar with a trident!
* * * LOW HITPOINT WARNING * * *
The troll bites you!
You die...
Your body crumbles into a pile of gold. ▓▓▓▓▓▓▓▓▓▓▓▓▓▓▓▓▓▓▓▓▓▓▓▓ .....oT@§5..)|..'.______ ▓▓▓▓▓▓▓▓▓▓▓▓▓▓▓▓▓▓▓▓▓▓▓▓ $$ $$$$$ $ $ $ $$$$$ $$$$$$

You could see a troll, an orc warrior and a crimson imp.

Vanquished Creatures
  A black bear (D)
  A scorpion (D)
  A crimson imp (D)
  A worker ant (D)
  A leopard gecko (D)
  An orc (D)
  A hobgoblin (D)
  A jackal (D)
  2 kobolds (D)
  A quokka (D)
  A frilled lizard (D)
  A jackal skeleton (D)
13 creatures vanquished.

Notes
Turn   | Place    | Note
-------+----------+-------------------------------------------
     0 | D        | LORDOFBUTT the Gargoyle Fighter began the quest for the Orb.
     0 | D        | Reached XP level 1. HP: 14/14 MP: 1/1
    19 | D        | Reached skill level 4 in Shields
    26 | D        | Noticed a scorpion
    26 | D        | Noticed a crimson imp
    34 | D        | Reached XP level 2. HP: 20/20 MP: 2/2
    53 | D        | Killed a scorpion
    53 | D        | Reached skill level 7 in Shields
    53 | D        | Reached XP level 3. HP: 4/24 MP: 3/3
    60 | D        | Reached XP level 4. HP: 29/29 MP: 4/4
    87 | D        | Reached skill level 5 in Maces & Flails
    87 | D        | Reached skill level 8 in Shields
    92 | D        | Found a roughly hewn altar of Beogh.
    92 | D        | Found a snail-covered altar of Cheibriados.
    92 | D        | Found a shadowy altar of Dithmenos.
    92 | D        | Found a white marble altar of Elyvilon.
    92 | D        | Found a blossoming altar of Fedhas.
    92 | D        | Found an opulent altar of Gozag.
    93 | D        | Found a hazy altar of Hepliaklqana.
    94 | D        | Found a viscous altar of Jiyva.
    95 | D        | Found an ancient bone altar of Kikubaaqudgha.
    96 | D        | Found a corrupted altar of Lugonu.
    97 | D        | Found a burning altar of Makhleb.
    98 | D        | Found a sparkling altar of Nemelex Xobeh.
    99 | D        | Found an iron altar of Okawaru.
   100 | D        | Found a stormy altar of Qazlal.
   101 | D        | Found a sacrificial altar of Ru.
   102 | D        | Found a deep blue altar of Sif Muna.
   103 | D        | Found a bloodstained altar of Trog.
   104 | D        | Found a hide-covered altar of Uskayaw.
   105 | D        | Found a radiant altar of Vehumet.
   106 | D        | Found a shimmering altar of Xom.
   107 | D        | Found a basalt altar of Yredelemnul.
   124 | D        | Became a worshipper of Gozag Ym Sagoz the Greedy
   133 | D        | Found a glowing silver altar of Zin.
   134 | D        | Found a glowing golden altar of the Shining One.
   205 | D        | Noticed an orc warrior
   205 | D        | Noticed a troll
   205 | D        | Noticed a black bear
   211 | D        | Reached XP level 5. HP: 32/33 MP: 5/5
   217 | D        | Killed a black bear
   217 | D        | Reached skill level 10 in Shields
   223 | D        | Slain by a troll

Vault maps used:
D:        linesprint

Skill      XL: |  1  2  3  4  5 |
---------------+----------------+-----
Shields        | 4 7 8 10 | 10.5
Maces & Flails | 4 5 6 |  6.7
Fighting       | |  3.8
Armour         | |  3.8
Dodging        | |  0.1

Action                   |  1- 3 |  4- 6 || total
-------------------------+-------+-------++-------
Melee: Flail             |    49 |    21 ||    70
       Dire flail        |       |    17 ||    17
  Use: Potion            |     1 |     1 ||     2
Armor: Scale mail        |    23 |    10 ||    33
       Ring mail         |       |    18 ||    18
Dodge: Dodged            |    12 |    22 ||    34
Block: Shield            |    22 |     3 ||    25
